 Dungeon Crawl Stone Soup version 0.31-a0-214-gb37851dbb3 (webtiles) character file.

Game seed: 16331004404809255340

1953 qw the Cleaver (level 9, -2/55 HPs)
             Began as a Gargoyle Fighter on July 1, 2023.
             Was a Follower of Okawaru.
             Slain by a troll (4 damage)
             ... on level 7 of the Dungeon.
             The game lasted 00:02:31 (5047 turns).

qw the Cleaver (Gargoyle Fighter)                   Turns: 5047, Time: 00:02:32

Health: -2/55      AC: 22    Str: 23    XL:     9   Next: 19%
Magic:  9/12       EV:  8    Int: 10    God:    Okawaru [*.....]
Gold:   286        SH:  5    Dex:  9    Spells: 8/8 levels left

rFire   . . .        Y - +1 war axe (heavy)
rCold   . . .        c - +0 buckler
rNeg    + . .        r - +0 plate armour
rPois   inf          n - +0 helmet
rElec   +            (no cloak)
rCorr   .            (no gloves)
SInv    .            (no boots)
Will    .....        i - amulet of faith Stlth
                     (no ring)
HPRegen 0.29/turn    (no ring)
MPRegen 0.13/turn

%: faith
@: about to teleport, heroic, flying
A: sickness immunity, AC +6, negative energy resistance 1, electricity
resistance, torment resistance 1, petrification resistance, big wings, hooves 1
a: Renounce Religion, Heroism


You were on level 7 of the Dungeon.
You worshipped Okawaru.
Okawaru was aware of your devotion.
You visited 2 branches of the dungeon, and saw 8 of its levels.

You collected 286 gold pieces.


Innate Abilities, Weirdness & Mutations

You are immune to sickness and miasma.
Your stone body is resilient. (AC +6)
You are immune to poison.
You resist negative energy. (rN+)
You are resistant to electric shocks. (rElec)
You are resistant to unholy torment.
You are immune to petrification.
Your large and strong wings let you fly.
You have large cloven feet.


   Skills:
 - Level 6.0(11.0) Fighting
 + Level 8.5(13.5) Axes
 - Level 1.0(6.0) Throwing
 - Level 5.0(10.0) Armour
 - Level 1.3(6.3) Dodging
 - Level 3.2(8.2) Shields
 - Level 4.1 Invocations


You had 8 spell levels left.
You didn't know any spells.
Your spell library was empty.

Inventory:

Hand Weapons
 q - a +1 flail of protection
 Y - a +1 heavy war axe (weapon)
Missiles
 f - 3 boomerangs (quivered)
Armour
 c - a +0 buckler (worn)
 n - a +0 helmet (worn)
 r - a +0 plate armour (worn)
Jewellery
 h - an amulet of reflection
 i - an amulet of faith (around neck)
 k - a ring of ice
Wands
 g - a wand of digging (6)
Scrolls
 a - 6 scrolls of identify
Potions
 b - 2 potions of haste
 d - 2 potions of might
 e - a potion of attraction
 l - a potion of mutation
 o - a potion of curing

Dungeon Overview and Level Annotations

Branches:
Dungeon (7/15)             Temple (1/1) D:5

Altars:
Ashenzari
Cheibriados
Dithmenos
Fedhas
Gozag
Hepliaklqana
Kikubaaqudgha
Makhleb
Okawaru
Qazlal
Ru
Sif Muna
Trog
Uskayaw
Vehumet
Wu Jian
Xom
Yredelemnul
Zin
The Shining One


Message History

You gain the combat prowess of a mighty hero.
The gnoll hits you but does no damage. The gnoll closely misses you.
The gnoll hits you but does no damage. You block the gnoll's attack.
The gnoll closely misses you.
You slice the gnoll!!
You kill the gnoll!
Okawaru accepts your kill.
You hit the gnoll. You slash the gnoll!
You kill the gnoll!
Okawaru accepts your kill.
The gnoll hits you but does no damage. x3; The gnoll barely misses you.
You barely miss the gnoll. Your kick misses the gnoll.
The gnoll is lightly wounded.
Your surroundings suddenly seem different. 3 wights come into view.
The wight hits you but does no damage.
5042 ||| READING 2 scrolls of teleportation.
As you read the scroll of teleportation, it crumbles to dust.
You feel strangely unstable. The wight hits you but does no damage.
You slice the wight!!
You destroy the wight!
Okawaru accepts your kill.
You slice the wight!!
You destroy the wight!
Okawaru accepts your kill.
You throw a boomerang. The boomerang closely misses the wight.
Your surroundings suddenly seem different.
An orc and a troll come into view.
Found 2 potions of degeneration.
Found two stone staircases leading up.
The troll shouts!
You hear a shout!
5046 ||| READING scroll of teleportation.
As you read the scroll of teleportation, it crumbles to dust.
You feel strangely unstable. The troll barely misses you.
The troll claws you but does no damage. The troll barely misses you.
You completely miss the troll. You kick the troll, but do no damage.
The troll bites you. You block the troll's attack.
The troll claws you but does no damage. The troll bites you.
You die...

.#
#....#...
..##..#....
.#.......
.!..... #
.....#.##
o......
#...# #@..#
#T..<....
#........
###...##.
<..# ...#
.## .#


You could see a troll and an orc.

Vanquished Creatures
  A water moccasin (D:5)
  A sky beast (D:7)
  An orc warrior (D:6)
  2 black bears
  2 phantoms
  A kobold brigand (D:7)
  A bullfrog (D:6)
  3 scorpions
  7 wights
  2 gnoll boudas (D:7)
  4 jellies
  An orc priest (D:4)
  3 hounds (D:6)
  An iguana (D:6)
  3 orc wizards
  Robin (D:3)
  6 gnolls (D:7)
  6 adders
  2 white imps
  An ufetubus (D:5)
  3 worms (D:2)
  3 dart slugs
  28 orcs
  6 endoplasms
  3 giant cockroaches
  11 goblins
  6 hobgoblins
  2 jackals (D:1)
  4 quokkas
  3 ball pythons
  6 bats
  2 frilled lizards
  6 kobolds
  5 rats
137 creatures vanquished.

Notes
Turn   | Place    | Note
-------+----------+-------------------------------------------
     0 | D:1      | qw the Gargoyle Fighter began the quest for the Orb.
     0 | D:1      | Reached XP level 1. HP: 14/14 MP: 1/1
     0 | D:1      | 0 ||| qw: Version: 0.3-a-32-g5962c71
     0 | D:1      | 0 ||| qw: Game counter: 7474
     0 | D:1      | 0 ||| qw: Melee chars always use a shield: true
     0 | D:1      | 0 ||| qw: God list: Okawaru
     0 | D:1      | 0 ||| qw: Allow faded altars: false
     0 | D:1      | 0 ||| qw: Do Orc after clearing Dungeon:15 true
     0 | D:1      | 0 ||| qw: Do second Lair branch before Depths: true
     0 | D:1      | 0 ||| qw: Lair rune preference: random
     0 | D:1      | 0 ||| qw: Goals: Normal, Zot:1-4, Slime:5, God:TSO, Crypt,
                  | Tomb, Abyss, Pan, Hells, Win
     0 | D:1      | 0 ||| PLANNING D:1-11
   138 | D:1      | Reached skill level 2 in Axes
   256 | D:1      | Reached XP level 2. HP: 19/19 MP: 2/2
   531 | D:1      | 531 ||| UPGRADING to amulet of reflection.
   536 | D:1      | 536 ||| UPGRADING to amulet of faith.
   546 | D:1      | 546 ||| READING 3 scrolls labelled MARRAVUPHA.
   547 | D:1      | 547 ||| READING scroll labelled IPNUSY HUGOCE.
   548 | D:1      | 548 ||| READING scroll labelled ZUSSEK UJIXA.
   549 | D:1      | 549 ||| DRINKING 2 lumpy blue potions.
   554 | D:1      | 554 ||| DROPPING potion of ambrosia.
   751 | D:2      | Reached skill level 3 in Axes
   781 | D:2      | Reached XP level 3. HP: 23/23 MP: 3/3
  1498 | D:2      | 1498 ||| UPGRADING to +0 chain mail.
  1508 | D:2      | 1508 ||| DROPPING +0 scale mail.
  1509 | D:2      | 1509 ||| DROPPING amulet of magic regeneration.
  1510 | D:2      | 1510 ||| READING scroll labelled KUGOYM ROIVIAG.
  1511 | D:2      | 1511 ||| READING 3 scrolls labelled TOJIRU KOXETOU.
  1516 | D:2      | 1516 ||| DRINKING 2 sedimented yellow potions.
  1517 | D:2      | 1517 ||| READING 6 scrolls of identify.
  1517 | D:2      | 1517 ||| IDENTIFYING blue potion
  1518 | D:2      | 1518 ||| READING 5 scrolls of identify.
  1518 | D:2      | 1518 ||| IDENTIFYING sapphire potion
  1519 | D:2      | 1519 ||| READING 4 scrolls of identify.
  1519 | D:2      | 1519 ||| IDENTIFYING yellow potion
  1520 | D:2      | 1520 ||| DROPPING potion of berserk rage.
  1521 | D:2      | 1521 ||| DROPPING potion of brilliance.
  1522 | D:2      | 1522 ||| DROPPING potion of invisibility.
  1530 | D:3      | 1530 ||| PLANNING SEWER
  1537 | D:3      | 1537 ||| Stepping ~*~*~tactically~*~*~ (hiding).
  1546 | D:3      | Reached skill level 4 in Axes
  1546 | D:3      | Reached XP level 4. HP: 28/28 MP: 4/4
  1551 | D:3      | 1551 ||| Stepping ~*~*~tactically~*~*~ (hiding).
  1638 | D:3      | 1638 ||| Stepping ~*~*~tactically~*~*~ (stealth).
  1684 | D:3      | 1684 ||| DROPPING +0 club.
  1779 | D:3      | 1779 ||| Stepping ~*~*~tactically~*~*~ (stealth).
  1787 | D:3      | 1787 ||| Stepping ~*~*~tactically~*~*~ (hiding).
  1789 | D:3      | 1789 ||| Stepping ~*~*~tactically~*~*~ (hiding).
  1919 | D:3      | 1919 ||| Stepping ~*~*~tactically~*~*~ (stealth).
  1922 | D:3      | 1922 ||| Stepping ~*~*~tactically~*~*~ (hiding).
  1925 | D:3      | 1925 ||| Stepping ~*~*~tactically~*~*~ (hiding).
  1941 | D:3      | 1941 ||| Stepping ~*~*~tactically~*~*~ (stealth).
  1945 | D:3      | 1945 ||| Stepping ~*~*~tactically~*~*~ (stealth).
  1946 | D:3      | 1946 ||| Stepping ~*~*~tactically~*~*~ (stealth).
  1955 | D:3      | 1955 ||| Stepping ~*~*~tactically~*~*~ (stealth).
  1965 | D:3      | Noticed Robin
  1981 | D:3      | Reached XP level 5. HP: 27/32 MP: 5/5
  1987 | D:3      | Killed Robin
  2166 | D:3      | 2166 ||| RIP SEWER
  2172 | D:3      | 2172 ||| PLANNING D:1-11
  2172 | D:3      | 2172 ||| DROPPING +0 flail.
  2366 | D:3      | 2366 ||| UPGRADING to +0 helmet.
  2371 | D:3      | 2371 ||| UPGRADING to +0 plate armour.
  2381 | D:3      | 2381 ||| DROPPING +0 chain mail.
  2382 | D:3      | 2382 ||| READING 2 scrolls labelled PEPAYBLAKO.
  2383 | D:3      | 2383 ||| READING scroll labelled LEN LESTO SAN.
  2384 | D:3      | 2384 ||| READING scroll labelled WOPEYR FAUPLE.
  2385 | D:3      | 2385 ||| READING scroll labelled ELUIJE NATYILL.
  2386 | D:3      | 2386 ||| READING scroll labelled ROYNAU WOSOTUE.
  2438 | D:3      | 2438 ||| DROPPING +0 hand axe.
  2439 | D:3      | 2439 ||| READING 7 scrolls of identify.
  2439 | D:3      | 2439 ||| IDENTIFYING green potion
  2440 | D:3      | 2440 ||| DROPPING scroll of poison.
  2441 | D:3      | 2441 ||| DROPPING potion of degeneration.
  2470 | D:4      | Reached skill level 5 in Axes
  2550 | D:4      | 2550 ||| READING scroll of brand weapon.
  2550 | D:4      | 2550 ||| BRANDING +1 war axe of chaos.
  2551 | D:4      | 2551 ||| DROPPING +0 war axe.
  2612 | D:4      | Reached XP level 6. HP: 38/38 MP: 6/6
  2713 | D:4      | 2713 ||| Stepping ~*~*~tactically~*~*~ (stealth).
  2745 | D:4      | 2745 ||| Stepping ~*~*~tactically~*~*~ (stealth).
  2749 | D:4      | 2749 ||| Stepping ~*~*~tactically~*~*~ (hiding).
  2750 | D:4      | 2750 ||| Stepping ~*~*~tactically~*~*~ (hiding).
  2751 | D:4      | 2751 ||| Stepping ~*~*~tactically~*~*~ (hiding).
  2773 | D:4      | Reached skill level 6 in Axes
  2943 | D:4      | 2943 ||| READING scroll labelled PYSYKE WUICO.
  2944 | D:4      | 2944 ||| DRINKING 2 fuming coppery potions.
  2944 | D:4      | Gained mutation: Your large and strong wings let you fly.
                  | [potion of mutation]
  2944 | D:4      | Gained mutation: You have large cloven feet. [potion of
                  | mutation]
  2945 | D:4      | 2945 ||| READING 7 scrolls of identify.
  2945 | D:4      | 2945 ||| IDENTIFYING fizzy brown potion
  2966 | D:5      | Entered Level 5 of the Dungeon
  2970 | D:5      | Noticed a water moccasin
  2973 | D:5      | Killed a water moccasin
  2974 | D:5      | Reached XP level 7. HP: 43/43 MP: 7/7
  3006 | D:5      | Noticed a +0 hand axe
  3007 | D:5      | Noticed a +0 dagger
  3008 | D:5      | Found a hide-covered altar of Uskayaw.
  3087 | D:5      | Found a staircase to the Ecumenical Temple.
  3088 | D:5      | 3088 ||| PLANNING TEMPLE
  3098 | Temple   | Entered the Ecumenical Temple
  3099 | Temple   | 3099 ||| PLANNING OKAWARU WORSHIP
  3361 | Temple   | Became a worshipper of Warmaster Okawaru
  3362 | Temple   | 3362 ||| PLANNING D:1-11
  3482 | D:5      | Reached skill level 7 in Axes
  3582 | D:5      | Found a glowing golden altar of the Shining One.
  3877 | D:6      | 3877 ||| Stepping ~*~*~tactically~*~*~ (hiding).
  4019 | D:6      | Found a stormy altar of Qazlal.
  4052 | D:6      | 4052 ||| FLEEEEING.
  4053 | D:6      | 4053 ||| FLEEEEING.
  4054 | D:6      | 4054 ||| FLEEEEING.
  4059 | D:6      | 4059 ||| FLEEEEING.
  4060 | D:6      | 4060 ||| FLEEEEING.
  4077 | D:6      | 4077 ||| FLEEEEING.
  4078 | D:6      | 4078 ||| Stepping ~*~*~tactically~*~*~ (stealth).
  4088 | D:6      | Reached XP level 8. HP: 35/49 MP: 8/8
  4107 | D:6      | 4107 ||| FLEEEEING.
  4108 | D:6      | 4108 ||| FLEEEEING.
  4109 | D:6      | 4109 ||| FLEEEEING.
  4110 | D:6      | 4110 ||| FLEEEEING.
  4111 | D:6      | 4111 ||| FLEEEEING.
  4112 | D:6      | 4112 ||| FLEEEEING.
  4113 | D:6      | 4113 ||| FLEEEEING.
  4114 | D:6      | 4114 ||| FLEEEEING.
  4115 | D:6      | 4115 ||| FLEEEEING.
  4116 | D:6      | 4116 ||| FLEEEEING.
  4117 | D:6      | 4117 ||| FLEEEEING.
  4118 | D:6      | 4118 ||| FLEEEEING.
  4174 | D:6      | Reached skill level 1 in Dodging
  4179 | D:6      | Reached skill level 1 in Throwing
  4242 | D:6      | Reached * piety under Okawaru
  4244 | D:6      | 4244 ||| INVOKING Heroism.
  4248 | D:6      | Reached skill level 1 in Invocations
  4252 | D:6      | 4252 ||| INVOKING Heroism.
  4410 | D:6      | 4410 ||| Stepping ~*~*~tactically~*~*~ (hiding).
  4413 | D:6      | 4413 ||| INVOKING Heroism.
  4418 | D:6      | Reached skill level 8 in Axes
  4427 | D:6      | 4427 ||| DRINKING potion of curing.
  4427 | D:6      | 4427 ||| (to cure confusion)
  4524 | D:6      | Found a burning altar of Makhleb.
  4600 | D:6      | 4600 ||| FLEEEEING.
  4601 | D:6      | 4601 ||| INVOKING Heroism.
  4605 | D:6      | Reached skill level 3 in Invocations
  4983 | D:6      | 4983 ||| READING scroll labelled DOACWUIFUK.
  5000 | D:7      | 5000 ||| Stepping ~*~*~tactically~*~*~ (stealth).
  5012 | D:7      | Reached skill level 6 in Fighting
  5012 | D:7      | Reached XP level 9. HP: 49/55 MP: 10/12
  5014 | D:7      | 5014 ||| INVOKING Heroism.
  5028 | D:7      | 5028 ||| INVOKING Heroism.
  5037 | D:7      | HP: 8/55 [gnoll/+0 halberd[a gnoll bouda] (7)]
  5038 | D:7      | 5038 ||| READING 3 scrolls of teleportation.
  5038 | D:7      | HP: 2/55 [gnoll/+0 spear[a gnoll bouda] (3)]
  5039 | D:7      | 5039 ||| INVOKING Heroism.
  5042 | D:7      | 5042 ||| READING 2 scrolls of teleportation.
  5045 | D:7      | Noticed a troll
  5046 | D:7      | 5046 ||| READING scroll of teleportation.
  5047 | D:7      | HP: 2/55 [troll (3)]
  5047 | D:7      | Slain by a troll

Levels and vault maps discovered:
D:1:      evilmike_arrival_hilbert_curve, layout_loops_ring
D:2:      layout_basic
D:3:      layout_rooms, gup_sewer_entry_bowl, minmay_fractal_squares_5,
          uniq_robin
D:4:      layout_basic
D:5:      layout_loops_ring, kennysheep_little_box, dancing_weapons_uskayaw,
          minmay_temple_entry_mini_moons
D:6:      layout_loops_ring, mainiacjoe_overflow_six_doors_small,
          old_standard_altar
D:7:      layout_basic, mainiacjoe_overflow_alcove_1, enter_bailey_3
Temple:   compressed_dpeg_triangle_lava_temple

Skill      XL: |  1  2  3  4  5  6  7  8  9 |
---------------+----------------------------+-----
Axes           | 2 3 4 5 6 7 8 |  8.5
Fighting       | 4 5 6 |  6.0
Armour         | 4 5 |  5.0
Dodging        | 1 |  1.3
Throwing       | 1 |  1.0
Invocations    | 4 |  4.1
Shields        | |  3.2

Action                     |  1- 3 |  4- 6 |  7- 9 || total
---------------------------+-------+-------+-------++-------
  Melee: War axe           |    88 |   136 |   116 ||   340
         Kick              |       |       |    24 ||    24
  Throw: Boomerang         |       |    19 |    40 ||    59
 Invoke: Heroism           |       |       |     7 ||     7
    Use: Scroll            |     8 |     9 |     4 ||    21
         Potion            |     2 |     1 |     1 ||     4
 Armour: Scale mail        |    51 |       |       ||    51
         Chain mail        |     3 |    49 |       ||    52
         Plate armour      |       |    33 |   146 ||   179
  Dodge: Dodged            |    51 |    54 |    81 ||   186
  Block: Buckler           |    17 |    28 |    49 ||    94

Table legend:
 A = Non-vault XP
 B = Vault XP
 C = Vault XP percentage of total XP
 D = Non-vault monster count
 E = Vault monster count
 F = Vault count percentage of total count
                 A         B        C        D         E       F
            +---------+---------+-------+---------+---------+-------
      Total |    2736 |      54 |   1.9 |     115 |      22 |  16.1
            +---------+---------+-------+---------+---------+-------
        D:1 |      21 |       0 |   0.0 |      13 |       0 |   0.0
        D:2 |      42 |       0 |   0.0 |      11 |       0 |   0.0
        D:3 |      91 |      54 |  37.2 |      20 |      22 |  52.4
        D:4 |     319 |       0 |   0.0 |      15 |       0 |   0.0
        D:5 |     495 |       0 |   0.0 |       9 |       0 |   0.0
        D:6 |    1216 |       0 |   0.0 |      33 |       0 |   0.0
        D:7 |     552 |       0 |   0.0 |      14 |       0 |   0.0
            +---------+---------+-------+---------+---------+-------
